 Dungeon Crawl Stone Soup version 0.29-a0-721-g7f417c9bbb (webtiles) character file.

Game seed: 9148358176647348248

5665 porpoise the Fighter (level 10, -2/66 HPs)
             Began as a Tengu Summoner on June 28, 2022.
             Was an Initiate of Yredelemnul.
             Killed by divine providence
             ... invoked by an orc priest
              (12 damage)
             ... on level 8 of the Dungeon.
             The game lasted 00:55:36 (9947 turns).

porpoise the Fighter (Tengu Summoner)               Turns: 9947, Time: 00:55:37

Health: -2/66      AC:  6    Str: 11    XL:     10   Next: 75%
Magic:  14/18      EV: 19    Int: 15    God:    Yredelemnul [......]
Gold:   474        SH:  5    Dex: 15    Spells: 13/19 levels left

rFire   . . .      SeeInvis .   a - +1 falchion (drain)
rCold   . . .      Faith    .   r - +0 buckler
rNeg    + . .      Spirit   .   y - +1 troll leather armour {Pargi}
rPois   .          Reflect  .   (helmet restricted)
rElec   .          Harm     .   (no cloak)
rCorr   .          Rampage  .   e - +0 pair of gloves
Will    .....                   (boots unavailable)
Stlth   ++........              (no amulet)
HPRegen 1.01/turn               p - +4 ring of evasion
MPRegen 0.16/turn               S - ring of positive energy

@: flying quickly and evasively, quick
A: beak, talons 3, nimble flight, horns 1, dopey 1
a: Renounce Religion, Recall Undead Harvest


You were on level 8 of the Dungeon.
You worshipped Yredelemnul.
Yredelemnul was noncommittal.
You visited 2 branches of the dungeon, and saw 9 of its levels.
You also visited: Sewer.

You collected 591 gold pieces.
You spent 117 gold pieces at shops.

Inventory:

Hand Weapons
 a - a +1 falchion of draining (weapon)
 b - a +1 sling
 w - a +2 dagger of draining
 E - a +1 short sword of venom
 M - a +0 trident
 P - a +5 long sword
Missiles
 g - a boomerang
 q - 3 javelins (quivered)
 t - a boomerang of dispersal
 z - 25 poisoned darts
 K - 10 curare-tipped darts
Armour
 e - a +0 pair of gloves (worn)
 r - a +0 buckler (worn)
 s - a +0 ring mail
 y - a +1 troll leather armour (worn) {Pargi}
Magical Staves
 O - a staff of conjuration
Jewellery
 p - a +4 ring of evasion (left hand)
 x - a ring of magical power
 A - a ring of see invisible
 B - an amulet of guardian spirit
 S - a ring of positive energy (right hand)
Wands
 k - a wand of paralysis (1)
 C - a wand of iceblast (3)
 H - a wand of mindburst (17)
Scrolls
 h - a scroll of immolation
 j - a scroll of enchant weapon
 m - 4 scrolls of identify
 n - 3 scrolls of magic mapping
 F - 2 scrolls of torment
 J - 3 scrolls of fog
 L - a scroll of teleportation
 R - a scroll of noise
Potions
 c - 2 potions of resistance
 d - 5 potions of curing
 f - a potion of ambrosia
 l - 3 potions of magic
 o - a potion of cancellation
 u - 4 potions of heal wounds
 v - 2 potions of mutation
 D - a potion of lignification
 G - a potion of degeneration
 I - 2 potions of might
 N - a potion of invisibility
 Q - a potion of attraction {unknown}


   Skills:
 - Level 9.0 Fighting
 - Level 2.0 Short Blades
 - Level 2.0 Polearms
 + Level 3.8 Armour
 - Level 5.0 Dodging
 - Level 2.0 Stealth
 - Level 5.0 Shields
 - Level 5.0 Spellcasting
 - Level 7.6 Summonings
 + Level 4.2 Invocations
 - Level 5.0 Evocations


You had 13 spell levels left.
You knew the following spells:

 Your Spells              Type           Power      Damage    Failure   Level
a - Summon Small Mammal   Summ           100%       N/A       1%          1
b - Call Imp              Summ           26%        N/A       1%          2
c - Call Canine Familiar  Summ           26%        N/A       3%          3

Your spell library contained the following spells:

 Spells                   Type           Power      Damage    Failure   Level
 Summon Guardian Golem    Hex/Summ       15%        N/A       17%         3
 Magic Dart               Conj           12%        1d3       26%         1
 Ensorcelled Hibernation  Hex/Ice        6%         N/A       38%         2
 Passwall                 Tmut/Erth      2%         N/A       38%         2
 Searing Ray              Conj           6%         2d4       38%         2
 Summon Lightning Spire   Summ/Air       15%        N/A       50%         4
 Gell's Gravitas          Tloc           3%         N/A       63%         3
 Ignite Poison            Fire/Tmut/Pois 3%         N/A       63%         3
 Lesser Beckoning         Tloc           3%         N/A       63%         3
 Mephitic Cloud           Conj/Pois/Air  3%         N/A       63%         3
 Swiftness                Air            3%         N/A       63%         3
 Teleport Other           Tloc           3%         N/A       63%         3
 Fulminant Prism          Conj/Hex       1%         3d6       95%         4
 Freezing Cloud           Conj/Ice/Air   1%         6-21      100%        5


Dungeon Overview and Level Annotations

Branches:
Dungeon (8/15)             Temple (1/1) D:7           Sewer (visited)
   Lair: D:8-11

Altars:
Cheibriados
Dithmenos
Elyvilon
Fedhas
Gozag
Hepliaklqana
Kikubaaqudgha
Makhleb
Nemelex Xobeh
Okawaru
Qazlal
Ru
Sif Muna
Trog
Uskayaw
Vehumet
Xom
Yredelemnul
Zin
The Shining One

Shops:
D:7 !


Innate Abilities, Weirdness & Mutations

You have a beak for a mouth.
You have claws for feet.
Your magical nature lets you fly swiftly and evasively.
You have a pair of small horns on your head.
You are dopey. (Int -2)


Message History

The two-headed ogre misses you.
Your white imp hits the two-headed ogre.
Your white imp freezes the two-headed ogre.
Your centaur zombie hits the two-headed ogre.
Your centaur zombie barely misses the two-headed ogre.
The orc hits your orc zombie with a +0 falchion.
The two-headed ogre hits your orc zombie with a +0 giant club!
Your orc zombie is destroyed!
The yak gores you!
* * * LOW HITPOINT WARNING * * *
Your white imp closely misses the two-headed ogre.
As you read the scroll of fear, it crumbles to dust.
You assume a fearsome visage.
The orc priest looks frightened!
The two-headed ogre looks frightened!
The orc looks frightened!
The yak looks frightened!
The two-headed ogre looks frightened!
The two-headed ogre hits your centaur zombie with a +0 giant club!
Your centaur zombie is destroyed!
The orc priest begs for mercy.
The orc prays for help.
Your white imp gestures at the two-headed ogre.
The puff of frost hits the two-headed ogre!
The two-headed ogre dies!
Training target 9.0 for Fighting reached!
Your Fighting skill increases to level 9!
Your Invocations skill increases to level 4!
Aiming: Iceblast
Press: ? - help, Shift-Dir - straight line, f - orc priest
Aim: an orc priest, wielding a +0 hand axe (fleeing)
The mass of ice explodes!
The iceblast engulfs the yak!!
The yak is almost dead.
Your attack snaps the yak out of its fear.
The iceblast engulfs the two-headed ogre!
The two-headed ogre is moderately wounded.
Your attack snaps the two-headed ogre out of its fear.
The iceblast engulfs the orc priest!
The orc priest is almost dead.
Your attack snaps the orc priest out of its fear.
The orc priest mumbles some strange prayers to Beogh against you.
Beogh smites you!
You die...
Your body rises from the dead as a mindless zombie.

#..#[##### ...##.Z....# #.##+#
. ..##.Z....##### #.#.. .#O .
..##..........# #.#.. .o#.
..##..........#
#.###########o###Z####....#
#.#$.....#[..o.##.# #....#
#.#......#...Y.##.# #....#
#.#..##..#..#O.##.# #....#
#.#).##..#..5@.##.#########
#.#......'..Z..##Z#....#..#
#.)).....########Z#.##.#..# ##
#.########....###.#..#.#..###.
#.................#..#........
########......##.....#....###.
########........##......#.
#....# #......#.##.####.#.
#....###..............#.##


You could see a two-headed ogre, a yak (fleeing, ally target), an orc priest
(fleeing, ally target), an orc (fleeing), a friendly white imp (summoned) and a
friendly gnoll shaman zombie.

Vanquished Creatures
  Maurice (D:8)
  A hornet (D:8)
  2 slime creatures (D:6)
  Eustachio (D:4)
  A yak (D:8)
  Pargi (D:4)
  2 ice beasts (D:7)
  An orc warrior (D:5)
  2 ogres
  A black bear (D:6)
  A centaur (D:8)
  5 kobold brigands
  A bullfrog (D:6)
  A gnoll sergeant (D:5)
  4 wights
  5 jellies
  A hound (D:7)
  2 orc priests
  An iguana (D:6)
  Natasha (D:2)
  A gnoll shaman (D:8)
  A hell rat (Sewer)
  3 orc wizards
  7 adders
  7 gnolls
  2 river rats
  A shadow imp (D:7)
  A white imp (D:6)
  2 ufetubi (D:6)
  2 dart slugs
  13 orcs
  2 ball pythons
  2 bats
  4 endoplasms
  5 giant cockroaches
  6 hobgoblins
  14 kobolds
  A quokka (D:3)
  A frilled lizard (D:3)
  7 goblins (D:2)
  8 rats
125 creatures vanquished.

Vanquished Creatures (collateral kills)
  A two-headed ogre (D:8)
  Sigmund (D:2)
  2 yaks (D:8)
  A wyvern (D:8)
  An ice beast (D:6)
  A centaur (D:8)
  2 kobold brigands
  2 bullfrogs
  4 scorpions
  4 wights (D:8)
  A hound (D:6)
  An orc priest (D:4)
  4 jellies (D:6)
  Natasha (twice) (D:2)
  5 orc wizards
  Robin (D:2)
  6 gnolls
  An adder (D:3)
  3 worms (D:2)
  A dart slug (D:3)
  10 orcs
  4 endoplasms
  4 giant cockroaches (D:1)
  5 goblins
  4 hobgoblins
  A ball python (D:1)
  2 bats (D:1)
  3 frilled lizards (D:1)
  5 kobolds
  A rat (D:1)
83 creatures vanquished.

Vanquished Creatures (others)
  A hornet zombie (D:8)
  A scorpion (D:5)
  A wyvern zombie (D:8)
  A yak zombie (D:8)
  A centaur zombie (D:8)
  2 orcs (D:5)
  2 gnoll zombies (D:8)
  6 kobold zombies (D:8)
  An orc zombie (D:8)
  8 fungi
  10 toadstools (D:6)
34 creatures vanquished.

Grand Total: 242 creatures vanquished

Notes
Turn   | Place    | Note
-------+----------+-------------------------------------------
     0 | D:1      | porpoise the Tengu Summoner began the quest for the Orb.
     0 | D:1      | Reached XP level 1. HP: 10/10 MP: 4/4
   571 | D:1      | Reached skill level 5 in Summonings
   571 | D:1      | Reached XP level 2. HP: 16/16 MP: 3/6
   698 | D:1      | Learned a level 2 spell: Call Imp
  1046 | D:1      | Reached skill level 1 in Fighting
  1749 | D:2      | Noticed Sigmund
  1758 | D:2      | Killed Sigmund
  1759 | D:2      | Reached skill level 2 in Fighting
  1759 | D:2      | Reached XP level 3. HP: 17/22 MP: 2/8
  1759 | D:2      | Reached XP level 4. HP: 21/27 MP: 2/9
  1759 | D:2      | Gained mutation: Your magical nature lets you fly swiftly
                  | and evasively. [Tengu growth]
  1759 | D:2      | Reached XP level 5. HP: 25/32 MP: 2/10
  1905 | D:2      | Found a bloodstained altar of Trog.
  1924 | D:2      | Reached skill level 3 in Fighting
  2217 | D:2      | Noticed Natasha
  2225 | D:2      | Killed Natasha
  2226 | D:2      | Reached XP level 6. HP: 32/37 MP: 8/11
  2375 | D:2      | Noticed Natasha
  2380 | D:2      | Killed Natasha
  2783 | D:2      | Noticed Robin
  2909 | D:2      | Killed Robin
  3194 | D:2      | Noticed Natasha
  3208 | D:2      | Killed Natasha
  3209 | D:2      | Reached skill level 4 in Fighting
  3466 | D:3      | Learned a level 3 spell: Call Canine Familiar
  4012 | D:3      | Found a faded altar of an unknown god.
  4124 | D:3      | Reached XP level 7. HP: 43/44 MP: 8/12
  4518 | D:4      | Reached skill level 5 in Fighting
  4729 | D:4      | Noticed Pargi
  4743 | D:4      | Killed Pargi
  4744 | D:4      | Reached skill level 6 in Fighting
  5635 | D:4      | Noticed Eustachio
  5649 | D:4      | Killed Eustachio
  5650 | D:4      | Reached skill level 1 in Polearms
  5650 | D:4      | Reached skill level 1 in Shields
  5650 | D:4      | Reached XP level 8. HP: 48/52 MP: 13/13
  5719 | D:5      | Entered Level 5 of the Dungeon
  5798 | D:5      | Found a glowing drain.
  5802 | Sewer    | Entered a sewer
  6306 | D:5      | Reached skill level 7 in Fighting
  6667 | D:5      | Found a glowing golden altar of the Shining One.
  6959 | D:5      | Reached skill level 1 in Short Blades
  7121 | D:6      | Gained mutation: You are dopey. (Int -2) [potion of
                  | mutation]
  7121 | D:6      | Gained mutation: You have a pair of small horns on your
                  | head. [potion of mutation]
  7131 | D:6      | Reached skill level 1 in Evocations
  7218 | D:6      | Reached XP level 9. HP: 52/56 MP: 17/17
  7294 | D:6      | Reached skill level 5 in Spellcasting
  7399 | D:6      | Found a bloodstained altar of Trog.
  7426 | D:6      | Found a glowing silver altar of Zin.
  7780 | D:6      | Reached skill level 5 in Shields
  8392 | D:7      | Found Biduloh's Distillery.
  8410 | D:7      | Bought a potion of heal wounds for 65 gold pieces
  8410 | D:7      | Bought a potion of might for 52 gold pieces
  8422 | D:7      | Found a staircase to the Ecumenical Temple.
  8431 | Temple   | Entered the Ecumenical Temple
  8610 | Temple   | Became a worshipper of Yredelemnul the Dark
  8889 | D:7      | Reached * piety under Yredelemnul
  8928 | D:7      | Reached ** piety under Yredelemnul
  8928 | D:7      | Reached skill level 5 in Evocations
  8990 | D:7      | Reached XP level 10. HP: 53/64 MP: 18/18
  9299 | D:8      | Reached skill level 8 in Fighting
  9299 | D:8      | Reached skill level 1 in Invocations
  9317 | D:8      | Reached skill level 5 in Dodging
  9647 | D:8      | Reached skill level 1 in Armour
  9793 | D:8      | Noticed a two-headed ogre
  9857 | D:8      | Noticed a two-headed ogre
  9929 | D:8      | Noticed Maurice
  9935 | D:8      | Killed Maurice
  9946 | D:8      | Killed a two-headed ogre
  9947 | D:8      | Reached skill level 9 in Fighting
  9947 | D:8      | Killed from afar by an orc priest

Illustrated notes

Levels and vault maps discovered:
D:1:      onia_arrival_mini_spirals, layout_basic
D:2:      layout_basic, basic_altar, minmay_misc_feat_roman, uniq_sigmund,
          uniq_natasha, uniq_robin
D:3:      layout_loops_corners, dreamdust_ecumenical_altar_angels_and_demons,
          kennysheep_generic_room_4
D:4:      layout_cave_pods, minmay_a_box_with_orc_wizards_in_it, uniq_eustachio,
          uniq_pargi
D:5:      layout_basic, lemuel_round_altar, gup_sewer_entry_bowl,
          lemuel_flamethrower_2
D:6:      cheibrodos_fertilizer, layout_cave_pools, zin_statuary,
          old_standard_altar
D:7:      layout_basic, minmay_temple_entry_grid, serial_shops, shop_coins,
          dreamdust_mushroom_princess, minivault_23, lemuel_flame_loot_1
D:8:      minmay_clustersquares, layout_basic, serial_shops,
          nicolae_lakefront_shop, minmay_misc_feat_alley, uniq_maurice,
          uniq_maggie
Temple:   bh_familiar_temple

Skill      XL: |  1  2  3  4  5  6  7  8  9 10 |
---------------+-------------------------------+-----
Summonings     | 5 6 7 |  7.6
Fighting       | 2 3 4 6 7 9 |  9.0
Spellcasting   | 3 4 5 |  5.0
Polearms       | 1 2 |  2.0
Shields        | 1 3 5 |  5.0
Short Blades   | 2 |  2.0
Evocations     | 2 5 |  5.0
Dodging        | 4 5 |  5.0
Invocations    | 4 |  4.2
Armour         | 3 |  3.8
Stealth        | |  2.0

Action                   |  1- 3 |  4- 6 |  7- 9 | 10-12 || total
-------------------------+-------+-------+-------+-------++-------
Melee: Unarmed           |    20 |       |       |       ||    20
       Kick              |     4 |    20 |    92 |    27 ||   143
       Peck              |     2 |    18 |    42 |    11 ||    73
       Dagger            |     3 |    52 |    68 |    28 ||   151
       Punch             |       |     1 |       |       ||     1
       Spear             |       |    43 |    90 |       ||   133
       Short sword       |       |    16 |   130 |       ||   146
       Headbutt          |       |       |    29 |    14 ||    43
       Trident           |       |       |     9 |    10 ||    19
       Falchion          |       |       |       |    30 ||    30
 Fire: Sling             |       |     2 |    47 |       ||    49
Throw: Javelin           |       |       |     3 |       ||     3
 Cast: Summon Small Mamm |    38 |    34 |    32 |       ||   104
       Call Imp          |     2 |    10 |    41 |     5 ||    58
       Call Canine Famil |       |     3 |    26 |     4 ||    33
Evoke: Wand              |       |       |     8 |     6 ||    14
  Use: Scroll            |       |     1 |    17 |     2 ||    20
       Potion            |       |       |     8 |       ||     8
 Stab: Distracted        |       |     4 |     4 |     2 ||    10
       Sleeping          |       |     3 |     2 |       ||     5
       Paralysed         |       |       |     2 |     2 ||     4
Armor: Robe              |    11 |     7 |       |       ||    18
       Troll leather arm |       |       |    38 |    12 ||    50
       Leather armour    |       |       |     5 |       ||     5
Dodge: Dodged            |    25 |    64 |   196 |    73 ||   358
Block: Buckler           |       |     2 |    71 |    21 ||    94

Table legend: (Time is in decaauts)
 A = Elapsed time spent in this place.
 B = Non-inter-level travel time spent in this place.
 C = Inter-level travel time spent in this place.
 D = Time resting spent in this place.
 E = Time spent auto-exploring this place.
 F = Levels seen in this place.
 G = Mean time per level.
                   A        B        C        D        E       F      G
               +--------+--------+--------+--------+--------+-----+--------+
         Total |   9472 |   9265 |    207 |   2506 |   4784 |  10 |  947.2 |
       Dungeon |   9074 |   8889 |    185 |   2423 |   4619 |   8 | 1134.2 |
        Temple |    168 |    147 |     21 |      0 |    143 |   1 |  168.0 |
         Sewer |    229 |    229 |      0 |     83 |     22 |   1 |  229.0 |
               +--------+--------+--------+--------+--------+-----+--------+

Top non-repeatable levels by time:
     D:1: 1794 daAuts
     D:2: 1426 daAuts
     D:4: 1174 daAuts
     D:6: 1135 daAuts
     D:3: 1121 daAuts
     D:7: 906 daAuts
     D:5: 878 daAuts
     D:8: 637 daAuts
   Sewer: 229 daAuts
  Temple: 168 daAuts
